 Dungeon Crawl Stone Soup version 0.25.1-11-g244df3a29b (webtiles) character file.

Game seed: 3799651976720586115

425 DeepDeath the Poker (level 7, -5/50 HPs)
             Began as a Formicid Gladiator on Jan 2, 2024.
             Slain by a river rat (9 damage)
             ... on level 5 of the Dungeon.
             The game lasted 00:09:03 (3384 turns).

DeepDeath the Poker (Formicid Gladiator)            Turns: 3384, Time: 00:09:03

Health: -5/50      AC:  3    Str: 21    XL:     7   Next: 18%
Magic:  7/7        EV: 12    Int:  7    God:
Gold:   241        SH:  0    Dex: 12    Spells: 6/6 levels left

rFire    + + .     SeeInvis +   w - +1 trident
rCold    + . .     Gourm    .   (no shield)
rNeg     . . .     Faith    .   b - +0 leather armour
rPois    +         Spirit   .   (helmet unavailable)
rElec    +         Reflect  .   (no cloak)
rCorr    +         Harm     .   (no gloves)
MR       .....                  (no boots)
Stlth    ++........             (no amulet)
HPRegen  0.16/turn              a - ring of protection from fire
MPRegen  0.10/turn              (no ring)

@: mighty, lethally poisoned (-5 -> -8), resistant, flying
A: permanent stasis, dig shafts and tunnels, four strong arms, antennae 3
a: Dig, Shaft Self


You were on level 5 of the Dungeon.
You were not hungry.

You visited 1 branch of the dungeon, and saw 5 of its levels.

You collected 241 gold pieces.

Inventory:

Hand Weapons
 e - the +7 sceptre of Torment {pain, torment}
   (You found it on level 4 of the Dungeon)

   In the hands of one skilled in necromantic magic, it inflicts extra damage on
   living creatures.
 w - a +1 trident (weapon)
Missiles
 c - 3 throwing nets
 f - 42 stones
 g - 33 poisoned darts (quivered)
 j - 2 boomerangs of dispersal
 p - 29 sling bullets
 t - 21 arrows
Armour
 b - a +0 leather armour (worn)
 q - the cursed +1 robe of Buska {-Cast rF+ rN+ Str+3, unknown}
   (You found it on level 5 of the Dungeon)

   It affects your strength (+3).
   It protects you from fire.
   It protects you from negative energy.
   It prevents spellcasting.
   It has a curse placed upon it.
Jewellery
 a - a ring of protection from fire (left hand)
Wands
 r - a wand of polymorph (9)
Scrolls
 i - a scroll of remove curse
Potions
 h - a potion of ambrosia
 k - 2 potions of cancellation
 l - 2 potions of stabbing
 m - 3 potions of invisibility
Comestibles
 d - 8 rations
 s - 2 chunks of flesh


   Skills:
 - Level 2.1 Fighting
 * Level 7.1 Polearms
 - Level 2.0 Throwing
 - Level 2.0 Armour
 - Level 2.6 Dodging
 - Level 2.0 Stealth


You had 6 spell levels left.
You didn't know any spells.
Your spell library was empty.

Dungeon Overview and Level Annotations

Branches:
Dungeon (5/15)             Temple (0/1) D:5

Altars:
Ashenzari
Sif Muna
Uskayaw
The Shining One


Innate Abilities, Weirdness & Mutations

You cannot be hasted, slowed, berserked, paralysed or teleported.
You can dig through walls and to a lower floor.
Your four strong arms can wield two-handed weapons with a shield.
You have a pair of large antennae on your head. (SInv)


Message History

The river rat completely misses you.
You barely miss the river rat.
You feel sick. The river rat bites you.
* * * LOW HITPOINT WARNING * * *
You barely miss the river rat.
You feel sick. The river rat bites you.
* * * LOW HITPOINT WARNING * * *
You closely miss the river rat. The river rat barely misses you.
You closely miss the river rat.
* * * LOW HITPOINT WARNING * * *
You feel sick. The river rat misses you.
It was a potion of might.
You feel very mighty all of a sudden. The river rat closely misses you.
It was a potion of resistance.
You feel protected.
* * * LOW HITPOINT WARNING * * *
You feel sick. The river rat closely misses you.
It was a potion of flight.
You feel very buoyant.
You fly up into the air.
The river rat bites you!
You die...

#.# #####....# #.#
≈#{#....# #.# ≈#
#....# ########.# ##≈
###### .........#
{#≈≈ # .#########
#≈##≈# .# { #≈≈≈≈# ##
#≈#≈#### #≈≈rr@≈#
##########≈#
#.≈≈≈≈≈≈≈≈≈#
#.≈≈#≈#≈#####
#..≈.≈≈≈≈≈..##
#......≈.....#
########............#
......)†.........<..#
###################.#


You could see 2 river rats.

Vanquished Creatures
  An ogre (D:4)
  A hound (D:4)
  Jessica (D:3)
  An iguana (D:5)
  An orc wizard (D:4)
  Natasha (thrice) (D:3)
  Robin (D:3)
  4 adders
  2 river rats (D:5)
  5 worms
  2 dart slugs
  2 leopard geckos
  3 orcs
  3 giant cockroaches
  14 goblins
  9 hobgoblins
  7 jackals
  6 kobolds
  A quokka (D:3)
  A ball python (D:3)
  5 bats
  2 frilled lizards (D:3)
  A leopard gecko skeleton (D:5)
  A quokka zombie (D:5)
  12 rats
89 creatures vanquished.

Vanquished Creatures (others)
  5 toadstools (D:1)
5 creatures vanquished.

Grand Total: 94 creatures vanquished

Notes
Turn   | Place    | Note
-------+----------+-------------------------------------------
     0 | D:1      | DeepDeath the Formicid Gladiator began the quest for the
                  | Orb.
     0 | D:1      | Reached XP level 1. HP: 16/16 MP: 1/1
   117 | D:1      | Reached XP level 2. HP: 22/22 MP: 2/2
   354 | D:1      | Reached skill level 4 in Polearms
   354 | D:1      | Reached XP level 3. HP: 26/27 MP: 3/3
   882 | D:2      | Reached XP level 4. HP: 10/33 MP: 4/4
  1495 | D:2      | Reached skill level 5 in Polearms
  1864 | D:3      | Found a shattered altar of Ashenzari.
  1957 | D:3      | Noticed Natasha
  1967 | D:3      | Killed Natasha
  1967 | D:3      | Reached XP level 5. HP: 19/38 MP: 5/5
  2112 | D:3      | Identified the cursed +0 helmet of Hubris {rElec rCorr
                  | Str+4}
  2112 | D:3      | Noticed Robin
  2168 | D:3      | Killed Robin
  2358 | D:3      | Noticed Jessica
  2361 | D:3      | Killed Jessica
  2361 | D:3      | Reached skill level 6 in Polearms
  2373 | D:3      | Noticed Natasha
  2379 | D:3      | Killed Natasha
  2400 | D:3      | Reached XP level 6. HP: 37/44 MP: 6/6
  2482 | D:3      | Reached skill level 1 in Stealth
  2577 | D:3      | Noticed Natasha
  2589 | D:3      | Killed Natasha
  2589 | D:3      | Reached skill level 1 in Armour
  2908 | D:4      | Found the +7 sceptre of Torment {pain, torment}
  3022 | D:4      | Noticed an ogre
  3050 | D:4      | Killed an ogre
  3126 | D:4      | Reached XP level 7. HP: 41/50 MP: 7/7
  3201 | D:4      | You fall into a shaft and drop 1 floor!
  3201 | D:5      | Entered Level 5 of the Dungeon
  3234 | D:5      | Found a staircase to the Ecumenical Temple.
  3262 | D:5      | Got a creamy pearl robe
  3277 | D:5      | Found a glowing golden altar of the Shining One.
  3277 | D:5      | Found a hide-covered altar of Uskayaw.
  3278 | D:5      | Found a shimmering blue altar of Sif Muna.
  3335 | D:5      | Reached skill level 7 in Polearms
  3384 | D:5      | Slain by a river rat

Illustrated notes

Levels and vault maps discovered:
D:1:      ldierk_walled_garden, layout_loops_ring, minmay_misc_feat_more_columns
D:2:      layout_loops_ring
D:3:      layout_rooms, cheibrodos_ashenzari_chains, first_ration,
          feat_on_display, uniq_robin, uniq_natasha, uniq_jessica
D:4:      layout_rooms
D:5:      layout_basic, nicolae_overflow_hidden_temple,
          minmay_temple_entry_sparse_star, lightli_sewer_entry_pipes,
          basic_altar, uniq_edmund

Skill      XL: |  1  2  3  4  5  6  7 |
---------------+----------------------+-----
Polearms       | 4 5 6 7 |  7.1
Stealth        | 2 |  2.0
Armour         | 1 2 |  2.0
Fighting       | |  2.1
Throwing       | |  2.0
Dodging        | |  2.6

Action                   |  1- 3 |  4- 6 |  7- 9 || total
-------------------------+-------+-------+-------++-------
Melee: Trident           |   100 |   140 |    47 ||   287
Throw: Dart              |     4 |    15 |     8 ||    27
 Abil: Dig               |       |     1 |       ||     1
  Use: Scroll            |       |     9 |     2 ||    11
       Potion            |       |       |     3 ||     3
 Stab: Sleeping          |     2 |       |     1 ||     3
  Eat: Chunk             |       |     5 |       ||     5
       Ration            |       |     1 |       ||     1
Armor: Leather armour    |    19 |    11 |     4 ||    34
Dodge: Dodged            |    50 |    56 |    23 ||   129
